 Dungeon Crawl Stone Soup version 0.29-a0-823-gc37b1572da (webtiles) character file.

Game seed: 8757873289470658644

23 snarfax the Trooper (level 2, -3/27 HPs)
             Began as a Minotaur Abyssal Knight on July 8, 2022.
             Was a Believer of Lugonu.
             Frozen to death by an endoplasm (4 damage)
             ... on level 2 of the Dungeon.
             The game lasted 00:02:16 (941 turns).

snarfax the Trooper (Minotaur Abyssal Knight)        Turns: 941, Time: 00:02:19

Health: -3/27      AC:  3    Str: 17    XL:     2   Next: 75%
Magic:  2/2        EV: 11    Int:  7    God:    Lugonu [**....]
Gold:   0          SH:  0    Dex: 10    Spells: 1/1 levels left

rFire   . . .      SeeInvis .   a - +1 mace
rCold   . . .      Faith    .   (no shield)
rNeg    . . .      Spirit   .   b - +0 leather armour
rPois   .          Reflect  .   (helmet restricted)
rElec   .          Harm     .   (no cloak)
rCorr   .          Rampage  .   (no gloves)
Will    .....                   (no boots)
Stlth   +.........              (no amulet)
HPRegen 0.09/turn               (no ring)
MPRegen 0.08/turn               (no ring)

@: no status effects
A: horns 2, retaliatory headbutt
a: Renounce Religion, Depart the Abyss, Bend Space


You were on level 2 of the Dungeon.
You worshipped Lugonu.
Lugonu was pleased with you.
You visited 1 branch of the dungeon, and saw 3 of its levels.
You visited the Abyss 1 time.

Inventory:

Hand Weapons
 a - a +1 mace (weapon)
Armour
 b - a +0 leather armour (worn)
Wands
 d - a wand of flame (18)
Scrolls
 c - 2 scrolls of identify
Potions
 e - a potion of invisibility


   Skills:
 + Level 4.0 Fighting
 * Level 3.4 Maces & Flails
 + Level 2.9 Armour
 - Level 1.1 Dodging
 - Level 1.7 Invocations


You had one spell level left.
You didn't know any spells.
Your spell library was empty.

Dungeon Overview and Level Annotations

Branches:
Dungeon (3/15)

Altars:

Annotations:
D:2 Sigmund


Innate Abilities, Weirdness & Mutations

You have a pair of horns on your head.
You reflexively headbutt those who attack you in melee.


Message History

You sock the worm!
The worm is severely wounded.
The worm bites you.
You are too injured to fight recklessly!
You thump the worm!
You kill the worm!
Lugonu accepts your kill.
You start resting.
A goblin comes into view. It is wielding a +0 hand axe.
A rat comes into view.
You barely miss the rat.
The goblin shouts!
The rat bites you but does no damage.
You hit the rat.
You kill the rat!
Lugonu accepts your kill.
Your Fighting skill increases to level 4!
You start resting.
An endoplasm comes into view.
The goblin throws a stone.
The stone closely misses you. The goblin misses you.
You barely miss the goblin. The goblin barely misses you.
You closely miss the goblin. Your headbutt misses the goblin.
The goblin hits you with a +0 hand axe.
You closely miss the goblin. Your headbutt misses the goblin.
The goblin hits you with a +0 hand axe.
You sock the goblin!
You kill the goblin!
Lugonu accepts your kill. The endoplasm freezes you.
You are frozen.
* * * LOW HITPOINT WARNING * * *
You hit the endoplasm.
The endoplasm is lightly wounded.
The endoplasm freezes you.
You are frozen.
* * * LOW HITPOINT WARNING * * *
The endoplasm freezes you.
You are frozen.
You die...

........####
+##.....############
#.##................#
#.......†...........#
######..............#
....##..............#
##.................#
..............J......#
..............)@.....#
.............#########
.............#
.............#
.............#
............#
.....[......
............


You could see an endoplasm.

Vanquished Creatures
  3 worms (D:2)
  A bat (D:1)
  An endoplasm (D:1)
  A goblin (D:2)
  A hobgoblin (D:1)
  A quokka (D:1)
  3 ball pythons
  A frilled lizard (D:2)
  4 rats
16 creatures vanquished.

Notes
Turn   | Place    | Note
-------+----------+-------------------------------------------
     0 | Abyss:1  | snarfax the Minotaur Abyssal Knight began the quest for the
                  | Orb.
     0 | Abyss:1  | Reached XP level 1. HP: 19/19 MP: 1/1
   276 | Abyss:1  | Noticed a chaos spawn
   319 | Abyss:1  | Noticed a quasit
   322 | D:1      | Escaped the Abyss
   367 | D:1      | Reached ** piety under Lugonu
   403 | D:1      | You fall into a shaft and drop 1 floor!
   423 | D:2      | Reached XP level 2. HP: 27/27 MP: 2/2
   648 | D:2      | Noticed Sigmund
   930 | D:2      | Reached skill level 4 in Fighting
   941 | D:2      | HP: 1/27 [frozen (5)]
   941 | D:2      | Frozen to death by an endoplasm

Illustrated notes

Levels and vault maps discovered:
D:1:      minmay_arrival_four_circles, layout_loops_ring, minmay_misc_feat_iff
D:2:      layout_basic, shapermc_ecumenical_altar_petra, uniq_sigmund
D:3:      layout_loops_ring

Skill      XL: |  1  2 |
---------------+-------+-----
Maces & Flails | 3 |  3.4
Fighting       | 4 |  4.0
Armour         | |  2.9
Dodging        | |  1.1
Invocations    | |  1.7

Action                   || total
-------------------------++-------
Melee: Mace              ||    37
       Headbutt          ||     4
Invok: Depart the Abyss  ||     1
  Use: Scroll            ||     1
Armor: Leather armour    ||     4
Dodge: Dodged            ||     7

Table legend: (Time is in decaauts)
 A = Elapsed time spent in this place.
 B = Non-inter-level travel time spent in this place.
 C = Inter-level travel time spent in this place.
 D = Time resting spent in this place.
 E = Time spent auto-exploring this place.
 F = Levels seen in this place.
 G = Mean time per level.
                   A        B        C        D        E       F      G
               +--------+--------+--------+--------+--------+-----+--------+
         Total |    948 |    948 |      0 |    501 |    322 |   4 |  237.0 |
       Dungeon |    626 |    626 |      0 |    212 |    292 |   3 |  208.7 |
         Abyss |    322 |    322 |      0 |    289 |     30 |   1 |  322.0 |
               +--------+--------+--------+--------+--------+-----+--------+

Top non-repeatable levels by time:
     D:2: 477 daAuts
 Abyss:1: 322 daAuts
     D:1: 82 daAuts
     D:3: 66 daAuts
